 Dungeon Crawl Stone Soup version 0.17-a0-1778-gd369669 (webtiles) character file.

33751 4thArraOfDagon the Cleaver (level 13, -3/108 HPs)
             Began as a Vine Stalker Berserker on Sept 8, 2015.
             Was the Champion of Trog.
             Killed from afar by a naga mage (9 damage)
             ... with an orb of energy
             ... on level 1 of the Snake Pit.
             The game lasted 00:40:22 (6245 turns).

4thArraOfDagon the Cleaver (Vine Stalker Berserker) Turns: 6245, Time: 00:40:23

Health: -3/108     AC: 14    Str: 37    XL:     13   Next: 73%
Magic:  0/17       EV:  9    Int:  6    God:    Trog [******]
Gold:   49         SH:  0    Dex: 18    Spells: 0 memorised, 12 levels left

rFire  . . .     SeeInvis +     q - +9 battleaxe (elec)
rCold  . . .     Clarity  .     t - +0 plate armour
rNeg   . . .     SustAt   .     (no shield)
rPois  +         Gourm    .     H - +2 helmet {SInv}
rElec  .         Spirit   +     (no cloak)
rCorr  .         Warding  .     (no gloves)
rMut   .         Stasis   .     x - +0 pair of boots of Noig {Str+3 Dex+3}
MR     +++..                    S - amulet of faith
Stlth  ..........               I - ring of poison resistance
                                w - ring of flight

@: berserking, regenerating, very quick, extremely resistant to hostile
enchantments, extremely unstealthy
A: fangs 3, agile 1, deformed body, regeneration 3, strong 1, magic shield,
antimagic bite, no device heal 3, rot immunity, MP-powered wands
a: Burn Spellbooks, Berserk, Trog's Hand, Brothers in Arms, Renounce Religion,
Evoke Flight


You were on level 1 of the Snake Pit.
You worshipped Trog.
Trog was exalted by your worship.
You were hungry.

You visited 4 branches of the dungeon, and saw 25 of its levels.
You also visited: Labyrinth and Bailey.

You collected 684 gold pieces.
You spent 635 gold pieces at shops.

Inventory:

Hand weapons
 a - a +1 battleaxe of electrocution
 i - a +0 blowgun
 q - a +9 battleaxe of electrocution (weapon)
 Z - a +0 battleaxe
Missiles
 u - 12 poisoned needles
Armour
 t - a +0 plate armour (worn)
 x - the +0 pair of boots of Noig (worn) {Str+3 Dex+3}
   (You acquired it on level 6 of the Lair of Beasts)

   It affects your strength (+3).
   It affects your dexterity (+3).
 H - a +2 helmet of see invisible (worn)
 V - a troll hide
Jewellery
 w - a ring of flight (left hand)
 I - a ring of poison resistance (right hand)
 S - an amulet of faith (around neck)
Magical devices
 g - a wand of fireball (6)
 m - a wand of flame (20)
 o - a wand of fire (7)
 s - a wand of fire (10)
 D - a wand of random effects (12)
 E - a wand of fire (7)
 G - a wand of fire (6)
 J - a wand of disintegration (4)
 K - a wand of draining (9)
 L - a wand of frost (29)
 Q - a wand of cold (10)
 W - a wand of lightning (9)
Scrolls
 e - a scroll of enchant armour
 f - 7 scrolls of teleportation
 j - 2 scrolls of enchant weapon
 k - 6 scrolls of identify
 l - 2 scrolls of blinking
 r - 3 scrolls of remove curse
 y - 2 scrolls of fog
Potions
 b - a potion of agility
 h - 2 potions of ambrosia
 n - 9 potions of curing
 z - a potion of lignification
 A - 3 potions of might
 F - a potion of resistance
Books
 M - a book of Summonings

   Spells                             Type                      Level
   a - Recall                         Summoning/Translocation      3
   b - Aura of Abjuration             Summoning                    5
   c - Shadow Creatures               Summoning                    5
   d - Summon Demon                   Summoning                    5
   e - Summon Forest                  Summoning/Translocation      5
   f - Summon Mana Viper              Hexes/Summoning              5
   Trog disapproves of the use of such an item.
 N - a book of Envenomations

   Spells                             Type                      Level
   a - Spider Form                    Transmutation/Poison         3
   b - Alistair's Intoxication        Transmutation/Poison         4
   c - Olgreb's Toxic Radiance        Poison                       4
   d - Poisonous Cloud                Conjuration/Poison/Air       6
   Trog disapproves of the use of such an item.
 X - a book of Dreams

   Spells                             Type                      Level
   a - Ensorcelled Hibernation        Hexes/Ice                    2
   b - Phase Shift                    Translocation                5
   c - Shadow Creatures               Summoning                    5
   d - Silence                        Hexes/Air                    5
   e - Darkness                       Hexes                        6
   f - Mass Confusion                 Hexes                        6
   Trog disapproves of the use of such an item.
Miscellaneous
 d - a plain deck of escape {drawn: 3}
 p - a sack of spiders
 C - a disc of storms
 O - a crystal ball of energy
 P - a phantom mirror
 U - a plain deck of summoning
 Y - a lamp of fire
Comestibles
 c - 3 bread rations
 v - 4 meat rations
 B - 6 chunks of flesh
 R - 17 royal jellies


   Skills:
 - Level 10.3 Fighting
 * Level 14.4 Axes
 + Level 10.0 Armour
 - Level 1.5 Dodging
 - Level 5.0 Evocations


You had 12 spell levels left.
You didn't know any spells.

Dungeon Overview and Level Annotations

Branches:
Dungeon (14/15)              Lair (6/8) D:11          Snake (1/4) Lair:5
  Slime (0/6) Lair:6          Orc (4/4) D:12
 Temple: D:4-7        Swamp: Lair:3-6    Shoals: Lair:3-6       Elf: Orc:3-4
 Vaults: D:13-14

Altars:
Cheibriados
Fedhas
Gozag
Kikubaaqudgha
Makhleb
Nemelex Xobeh
Qazlal
Ru
Trog
Jiyva

Shops:
D:8 *   D:14 }   Orc:4 (??*

Annotations:
D:13 Maud


Innate Abilities, Weirdness & Mutations

You have razor-sharp teeth.
You regenerate.
When hurt, damage is shared between your health and your magic reserves.
Your bite disrupts and absorbs the magic of your enemies.
Potions and wands cannot restore your health.
You are immune to rotting.
You are agile. (Dex +2)
Armour fits poorly on your strangely shaped body.
Your muscles are strong. (Str +2)
You expend magic power (3 MP) to strengthen your wands.


Message History

You are engulfed in flames!
* * * LOW HITPOINT WARNING * * *
Unknown command.
You slash the salamander! You bite the salamander. You drain its power.
You feel invigorated.
You kill the salamander!
Trog accepts your kill.
Your Armour skill increases to level 10!
Unknown command.
Unknown command.
Unknown command.
Drink which item? (? for menu, Esc to quit)
Okay, then.
Use which ability?
A red film seems to cover your vision as you go berserk!
You feel yourself moving faster!
You feel mighty!
You are feeling hungry.
The naga mage casts a spell at you. The orb of energy hits you!
You die...

## ###.# ...
########...##....
##N##.............
##########@#...............
#.......####.N.............
#.⌠.⌠.⌠.###...............%
#.......#.....#..N....#....
#<........)...#.....[......
#.......#.............?....
#.⌠.⌠.⌠.##.##........#.....
#...)...#####.##...$.....N.
######### #.##......NN.N.


You could see a naga mage.

Vanquished Creatures
  Rupert (D:13)
  A minotaur (Lab)
  A catoblepas (Lair:5)
  A centaur warrior (D:13)
  Erica (D:11)
  2 orc high priests (Orc:4)
  Nergalle (Orc:3)
  2 unseen horrors
  3 hill giants (D:13)
  A necromancer (Lair:2)
  6 orc knights (Bailey)
  4 orc sorcerers (Orc:4)
  An ugly thing (D:11)
  A cyclops (D:13)
  A salamander (Snake:1)
  2 black mambas
  3 centaur zombies (D:13)
  6 elephants (Lair:3)
  Psyche (D:11)
  A spiny frog (Lair:5)
  A komodo dragon (D:13)
  A queen bee (D:11)
  A freezing wraith (D:14)
  A minotaur zombie (Lab)
  A slime creature (D:13)
  6 trolls
  7 yaks
  A deep elf mage (D:13)
  2 trapdoor spiders (Lab)
  3 shadows
  5 hippogriffs
  3 nagas
  2 vampire mosquitoes (D:13)
  6 water moccasins
  A steam dragon (D:8)
  A porcupine (Lair:1)
  19 orc warriors
  A wasp (D:12)
  An eye of draining (D:13)
  2 ice beasts (D:12)
  2 phantoms
  A black bear (D:11)
  A necrophage (D:12)
  A sky beast (D:11)
  A brain worm (D:13)
  6 ogres
  6 centaurs
  2 big kobolds
  4 crocodiles
  30 killer bees (D:11)
  A scorpion (D:13)
  3 giant frogs
  An electric eel (D:13)
  A giant frog zombie (D:8)
  3 wights (D:11)
  A crimson imp (D:13)
  A jelly (D:8)
  2 centaur skeletons
  2 hounds
  3 iguanas
  21 orc priests
  29 orc wizards
  4 worker ants
  3 polar bear simulacra (Lair:2)
  2 wolf simulacra (Lair:2)
  A killer bee zombie (D:8)
  A yak simulacrum (Lair:2)
  8 sheep (Lair:5)
  A hound skeleton (D:6)
  3 gnolls (D:5)
  7 adders
  14 river rats
  A shadow imp (D:13)
  An adder zombie (D:7)
  A worm (D:2)
  2 giant geckos
  109 orcs
  4 bats
  3 goblins
  5 hobgoblins (D:2)
  4 jackals (D:4)
  3 kobolds
  A rat (D:1)
  5 river rat simulacra (Lair:2)
410 creatures vanquished.

Vanquished Creatures (collateral kills)
  An orc warrior (Orc:4)
  A wyvern zombie (D:13)
  An orc wizard (Orc:4)
  An orc priest (Orc:4)
4 creatures vanquished.

Vanquished Creatures (others)
  An orc wizard (Orc:4)
1 creature vanquished.

Grand Total: 415 creatures vanquished

Notes
Turn   | Place    | Note
--------------------------------------------------------------
     0 | D:1      | 4thArraOfDagon the Vine Stalker Berserker began the quest for the Orb.
     0 | D:1      | Reached XP level 1. HP: 11/11 MP: 2/2
    35 | D:1      | Found a sparkling altar of Nemelex Xobeh.
    50 | D:1      | Drew Focus: Str increased to 20, Int decreased to 6
    84 | D:2      | Reached skill level 3 in Axes
    84 | D:2      | Reached XP level 2. HP: 9/16 MP: 1/3
    87 | D:2      | Reached XP level 3. HP: 10/19 MP: 1/4
   324 | D:3      | Found a sacrificial altar of Ru.
   403 | D:4      | Reached XP level 4. HP: 20/24 MP: 5/5
   409 | D:4      | Acquired Trog's second power
   428 | D:5      | Entered Level 5 of the Dungeon
   442 | D:5      | Reached XP level 5. HP: 28/28 MP: 6/6
   443 | D:5      | Reached skill level 4 in Axes
   680 | D:8      | Gained mutation: You heal very quickly. [Vine Stalker growth]
   680 | D:8      | Reached XP level 6. HP: 33/33 MP: 5/7
   692 | D:8      | Found Inevofoi's Assorted Antiques.
   701 | D:8      | Bought a scroll labeled NONAOT PAGOFYGH for 27 gold pieces
   701 | D:8      | Bought a glowing silvery potion for 24 gold pieces
   701 | D:8      | Bought a pink potion for 24 gold pieces
   708 | D:7      | Noticed an orc warrior
   762 | D:7      | Killed an orc warrior
   762 | D:7      | Reached skill level 5 in Axes
   763 | D:7      | Reached XP level 7. HP: 32/37 MP: 3/8
   853 | D:8      | Found a blossoming altar of Fedhas.
   854 | D:8      | Found an ancient bone altar of Kikubaaqudgha.
   906 | D:8      | Found a snail-covered altar of Cheibriados.
   918 | D:8      | Noticed a steam dragon
   921 | D:8      | Killed a steam dragon
   983 | D:8      | Noticed a centaur
   989 | D:8      | Reached skill level 6 in Axes
   989 | D:8      | Killed a centaur
   989 | D:8      | Gained mutation: You have razor-sharp teeth. [Vine Stalker growth]
   989 | D:8      | Reached XP level 8. HP: 42/42 MP: 9/9
  1060 | D:9      | Found an opulent altar of Gozag.
  1123 | D:10     | Entered Level 10 of the Dungeon
  1123 | D:10     | Found a bloodstained altar of Trog.
  1178 | D:10     | Reached skill level 5 in Fighting
  1224 | D:10     | Found a flagged portal.
  1236 | D:10     | Got a shimmering spear
  1239 | Bailey   | Entered a bailey
  1331 | Bailey   | Reached skill level 7 in Axes
  1493 | Bailey   | Noticed an orc knight
  1524 | Bailey   | Killed an orc knight
  1524 | Bailey   | Reached skill level 5 in Armour
  1524 | Bailey   | Reached XP level 9. HP: 48/48 MP: 10/10
  1585 | Bailey   | Noticed an orc knight
  1611 | Bailey   | Killed an orc knight
  1611 | Bailey   | Reached skill level 8 in Axes
  1946 | Bailey   | Noticed an orc knight
  1946 | Bailey   | Noticed an orc knight
  1993 | Bailey   | Killed an orc knight
  1993 | Bailey   | Reached skill level 9 in Axes
  2001 | Bailey   | Killed an orc knight
  2001 | Bailey   | Reached XP level 10. HP: 17/53 MP: 7/11
  2048 | Bailey   | Noticed an orc knight
  2081 | Bailey   | Killed an orc knight
  2143 | Bailey   | Noticed an orc knight
  2170 | Bailey   | Killed an orc knight
  2258 | D:10     | Found a stormy altar of Qazlal.
  2281 | D:11     | Noticed Psyche
  2288 | D:11     | Killed Psyche
  2288 | D:11     | Reached skill level 10 in Axes
  2355 | D:11     | Gained mutation: You expend magic power (3 MP) to strengthen your wands. [mutagenic meat]
  2356 | D:11     | Gained mutation: Your muscles are strong. (Str +2) [mutagenic meat]
  2357 | D:11     | Gained mutation: You are agile. (Dex +2) [mutagenic meat]
  2358 | D:11     | Gained mutation: Armour fits poorly on your strangely shaped body. [mutagenic meat]
  2429 | D:11     | Noticed a green ugly thing
  2443 | D:11     | Killed a green ugly thing
  2457 | D:11     | Found a labyrinth entrance.
  2462 | Lab      | Entered a labyrinth
  2984 | Lab      | Noticed a minotaur
  2999 | Lab      | Killed a minotaur
  3050 | Lab      | Reached XP level 11. HP: 60/60 MP: 12/12
  3159 | D:11     | Reached skill level 11 in Axes
  3235 | D:11     | Acquired Trog's third power
  3418 | D:11     | Found a staircase to the Lair.
  3495 | D:11     | Noticed Erica
  3509 | D:11     | Killed Erica
  3526 | D:11     | Noticed an unseen horror
  3539 | D:11     | Killed an unseen horror
  3850 | D:12     | Noticed an unseen horror
  3856 | D:12     | Killed an unseen horror
  3856 | D:12     | Reached skill level 12 in Axes
  3865 | D:12     | Noticed a five-headed hydra
  4081 | D:14     | Found Ledu's Gadget Emporium.
  4098 | D:13     | Gained mutation: You regenerate. [Vine Stalker growth]
  4098 | D:13     | Reached XP level 12. HP: 66/66 MP: 13/13
  4246 | D:13     | Noticed a hill giant
  4248 | D:13     | Noticed a six-headed hydra
  4253 | D:13     | Killed a hill giant
  4299 | D:13     | Noticed a hill giant
  4313 | D:13     | Killed a hill giant
  4474 | D:13     | Noticed Rupert
  4485 | D:13     | Killed Rupert
  4485 | D:13     | Reached skill level 1 in Evocations
  4631 | D:13     | Reached skill level 13 in Axes
  4681 | D:13     | Noticed a hill giant
  4692 | D:13     | Killed a hill giant
  4748 | D:13     | Noticed a centaur warrior
  4754 | D:13     | Killed a centaur warrior
  4807 | D:13     | Noticed Maud
  4836 | D:12     | Noticed a five-headed hydra
  4890 | D:12     | Found a staircase to the Orcish Mines.
  4896 | Orc:1    | Entered Level 1 of the Orcish Mines
  4900 | Orc:1    | Found a burning altar of Makhleb.
  4925 | Orc:1    | Received a gift from Trog
  4966 | Orc:2    | Reached skill level 10 in Fighting
  5054 | Orc:1    | Received a gift from Trog
  5154 | Orc:4    | Entered Level 4 of the Orcish Mines
  5154 | Orc:4    | Noticed an orc high priest
  5159 | Orc:4    | Killed an orc high priest
  5159 | Orc:4    | Reached XP level 13. HP: 72/72 MP: 16/16
  5246 | Orc:2    | Noticed Nergalle
  5253 | Orc:3    | Killed Nergalle
  5253 | Orc:3    | Received a gift from Trog
  5428 | Orc:4    | Noticed an orc high priest
  5435 | Orc:4    | Killed an orc high priest
  5436 | Orc:4    | Found Riururobb's General Store.
  5436 | Orc:4    | Found Qasan's Magic Scroll Emporium.
  5445 | Orc:4    | Found Erattohi's Antique Weapon Shoppe.
  5455 | Orc:4    | Found Sumoyl's Magic Scroll Shoppe.
  5466 | Orc:4    | Bought 3 scrolls of teleportation for 108 gold pieces
  5466 | Orc:4    | Bought 3 scrolls of teleportation for 108 gold pieces
  5466 | Orc:4    | Bought a scroll of identify for 24 gold pieces
  5466 | Orc:4    | Bought a scroll of identify for 24 gold pieces
  5466 | Orc:4    | Bought a scroll of identify for 24 gold pieces
  5466 | Orc:4    | Bought a scroll of identify for 24 gold pieces
  5466 | Orc:4    | Bought a scroll of identify for 24 gold pieces
  5468 | Orc:4    | Bought a scroll of teleportation for 42 gold pieces
  5468 | Orc:4    | Bought a scroll of blinking for 105 gold pieces
  5468 | Orc:4    | Bought a scroll of magic mapping for 49 gold pieces
  5468 | Orc:4    | Bought a scroll of identify for 28 gold pieces
  5514 | Orc:3    | Received a gift from Trog
  5644 | Lair:1   | Entered Level 1 of the Lair of Beasts
  5844 | Lair:2   | Reached skill level 14 in Axes
  6049 | Lair:5   | Reached skill level 5 in Evocations
  6102 | Lair:6   | Identified a scroll of acquirement
  6103 | Lair:6   | Found a viscous altar of Jiyva.
  6103 | Lair:6   | Found a staircase to the Slime Pits.
  6105 | Lair:6   | Got a pair of dazzling boots
  6111 | Lair:6   | Identified the +0 pair of boots of Noig {Str+3 Dex+3} (You acquired it on level 6 of the Lair of Beasts)
  6173 | Lair:5   | Found a staircase to the Snake Pit.
  6194 | Snake:1  | Entered Level 1 of the Snake Pit
  6243 | Snake:1  | HP: 2/72 [salamander/enchanted halberd (7)]
  6244 | Snake:1  | Reached skill level 10 in Armour
  6245 | Snake:1  | Killed from afar by a naga mage

Vault maps used:
D:1:      dpeg_arrival_sounds_slurp, nemelex_deck
D:3:      overflow_temple_1_default
D:4:      minmay_temple_entry_butterflies, first_bread, uniq_menkaure,
          uniq_crazy_yiuf_cottage
D:5:      basic_altar, portal_sewer_entry_a, grunt_ministairs_8, fedhas_altar_3
D:6:      lemuel_doored_altar, trog_butcher_becter, uniq_edmund,
          uniq_prince_ribbit1
D:7:      zin_scriptorium, hangedman_abyss_or_decor_slice, grunt_ministairs_2
D:8:      kennysheep_mini_moat, grunt_temple_overflow_growth_and_decay,
          serial_shops, nicolae_shop_trees
D:9:      nicolae_gozag_cash_rules_everything_around_me
D:10:     enter_bailey_2, basic_altar, hangedman_little_slice_of_home,
          nicolae_qazlal_general_emergency
D:11:     lair_0_dummy, lab_entry_generic, uniq_erica, uniq_psyche
D:12:     orc_0_dummy
D:13:     kennysheep_six_static_rooms, kennysheep_opposing_triangles,
          uniq_sonja, uniq_maud, uniq_rupert
D:14:     david_vaults_4, serial_shops, nicolae_shop_trees,
          nicolae_tso_swordbearing_angel, uniq_snorg
Lair:1:   minivault_25
Lair:2:   minivault_27, eino_house_with_fridge
Lair:3:   swamp_mist
Lair:4:   lemuel_slime, basic_altar, serial_bayou_shore_a
Lair:5:   guppyfry_snake_entry_island
Lair:6:   slime_altar_1, grunt_forest_small_clearings
Snake:1:  grunt_ministairs_3
Orc:1:    basic_altar
Orc:2:    nicolae_orc_lava_room, uniq_nergalle
Orc:3:    nicolae_orc_pool_cavern
Orc:4:    st_orc_mages, serial_shops, shop, mines3_lemuel
Lab:      labyrinth_hidden_loot, nicolae_lab_plus, labyrinth_skeletal_remains,
          nicolae_lab_dead_end, lab_block, nicolae_lab_very_dead_end
Bailey:   bailey_polearm_5, bailey

Action                   |  1- 3 |  4- 6 |  7- 9 | 10-12 | 13-15 || total
-------------------------+-------+-------+-------+-------+-------++-------
Melee: Hand axe          |    28 |    39 |       |   105 |       ||   172
       War axe           |       |    18 |   127 |   181 |    32 ||   358
       Battleaxe         |       |       |       |    91 |   152 ||   243
Invok: Berserk           |     3 |     3 |    11 |    27 |     6 ||    50
       Trog's Hand       |       |     2 |     2 |     6 |     6 ||    16
       Brothers in Arms  |       |       |       |     1 |     1 ||     2
Evoke: Deck              |     2 |       |       |     1 |       ||     3
       Wand              |       |       |       |       |     2 ||     2
  Use: Potion            |       |     1 |       |     1 |     1 ||     3
       Scroll            |       |       |     4 |    15 |    12 ||    31
  Eat: Chunk             |     2 |     3 |    16 |    42 |     6 ||    69
       Beef jerky        |       |       |       |     2 |     3 ||     5
       Fruit             |       |       |       |     2 |       ||     2
       Pizza             |       |       |       |     1 |       ||     1
